 Dungeon Crawl Stone Soup version 0.22-a0-367-gb72a975 (webtiles) character file.

16 Amnesiac the Magician (level 2, -8/21 HPs)
             Began as a Mummy Wizard on Apr 22, 2018.
             Killed from afar by an orc wizard (12 damage)
             ... with a puff of flame
             ... on level 3 of the Dungeon.
             The game lasted 00:00:46 (352 turns).

Amnesiac the Magician (Mummy Wizard)                 Turns: 352, Time: 00:00:46

Health: -8/21      AC:  2    Str: 10    XL:     2   Next: 37%
Magic:  1/7        EV: 12    Int: 17    God:
Gold:   24         SH:  0    Dex: 10    Spells: 6/9 levels left

rFire    x . .     SeeInvis .   c - +0 flail (venom)
rCold    + . .     Gourm    .   (no shield)
rNeg     + + +     Faith    .   a - +0 robe
rPois    ∞         Spirit   .   b - +0 hat
rElec    .         Reflect  .   (no cloak)
rCorr    .         Harm     .   (no gloves)
MR       .....                  (no boots)
Stlth    ++........             (no amulet)
HPRegen  0.07/turn              (no ring)
MPRegen  0.10/turn              (no ring)

@: no status effects
A: no food or potions, fire vulnerability, cold resistance 1, negative energy
resistance 3, torment resistance, unbreathing
a: no special abilities


You were on level 3 of the Dungeon.
You were not hungry.

You visited 1 branch of the dungeon, and saw 3 of its levels.

You collected 24 gold pieces.

Inventory:

Hand Weapons
 c - a +0 flail of venom (weapon)
Armour
 a - a +0 robe (worn)
 b - a +0 hat (worn)


   Skills:
 + Level 1.0 Fighting
 - Level 1.5 Dodging
 - Level 1.5 Stealth
 - Level 4.0 Spellcasting
 * Level 1.6 Conjurations
 - Level 0.7 Summonings
   Level 0.7 Translocations


You had 6 spell levels left.
You knew the following spells:

 Your Spells              Type           Power        Failure   Level  Hunger
a - Magic Dart            Conj           #...         8%          1    N/A
b - Call Imp              Summ           #.......     19%         2    N/A

Dungeon Overview and Level Annotations

Branches:
Dungeon (3/15)

Altars:


Innate Abilities, Weirdness & Mutations

You do not eat or drink.
Your flesh is vulnerable to fire.
You are immune to poison.
Your flesh is cold resistant. (rC+)
You are immune to negative energy. (rN+++)
You are immune to unholy pain and torment.
You can survive without breathing.


Message History

Aiming: Magic Dart (safe; 9% risk of failure)
Press: ? - help, Shift-Dir - straight line, f - orc
Aim: an orc, wielding a whip (hasn't noticed you)
The magic dart hits the orc.
The orc is heavily wounded.
The orc shouts!
You hear a shout! x2
The orc hits you with a whip.
A kobold comes into view. It is wielding a short sword.
Casting: Magic Dart (safe; 9% risk of failure)
Confirm with . or Enter, or press ? or * to list all spells.
Aiming: Magic Dart (safe; 9% risk of failure)
Press: ? - help, Shift-Dir - straight line, f/p - orc
Aim: an orc, wielding a whip (heavily wounded)
The magic dart hits the orc.
You kill the orc!
Your Fighting skill increases to level 1!
The kobold throws a stone.
The stone hits you but does no damage.
An orc comes into view. It is wielding a club.
Casting: Magic Dart (safe; 9% risk of failure)
Confirm with . or Enter, or press ? or * to list all spells.
Aiming: Magic Dart (safe; 9% risk of failure)
Press: ? - help, Shift-Dir - straight line, f - orc
Aim: an orc, wielding a club The magic dart hits the orc.
The orc is heavily wounded.
Casting: Magic Dart (safe; 9% risk of failure)
Confirm with . or Enter, or press ? or * to list all spells.
Aiming: Magic Dart (safe; 9% risk of failure)
Press: ? - help, Shift-Dir - straight line, f/p - orc
Aim: an orc, wielding a club (heavily wounded)
The magic dart hits the orc.
You kill the orc!
An orc wizard comes into view. It is wielding a dagger.
Items here: )) †† a whip; a flail of venom; an orc corpse x2
c - a flail of venom The orc wizard mumbles some strange words.
The orc wizard seems to speed up.
Wield which item (- for none, * to show all)? (? for menu, Esc to quit)
Your +0 flail of venom begins to drip with poison!
c - a +0 flail of venom (weapon)
The orc wizard barely misses you.
Casting: Magic Dart (safe; 8% risk of failure)
Confirm with . or Enter, or press ? or * to list all spells.
A beastly little devil appears in a puff of flame.
Your crimson imp says, "Let's sow havoc!"
The orc wizard gestures at you while chanting.
The puff of frost hits you! You resist. The orc wizard misses you.
The orc wizard barely misses you. The orc wizard hits you with a dagger.
The orc wizard looks braver for a moment.
The orc wizard hits you with a dagger.
You closely miss the orc wizard. The orc wizard hits you with a dagger.
* * * LOW HITPOINT WARNING * * *
The kobold barely misses you. The orc wizard closely misses you.
Your crimson imp blinks!
You barely miss the orc wizard.
The orc wizard hits you but does no damage.
The orc wizard hits you with a dagger.
* * * LOW HITPOINT WARNING * * *
The orc wizard casts a spell at you. The puff of flame hits you!
The fire burns you terribly!
Ouch! That really hurt!
You die...

#....... ....
.......# #..#
###....# #..#
.......###..#
# #......###
#. #.)).....#
#.###K######.#
#..o## #.#
##@## #.#
...(...5# #.#
#######.# #.#
#.########.#
...........#
..########.#
### #.#
####.####
#....<..#


You could see an orc wizard, a kobold and a friendly crimson imp.

Vanquished Creatures
  3 orcs (D:3)
  A giant cockroach (D:1)
  A hobgoblin (D:1)
  2 bats (D:1)
  A frilled lizard (D:1)
  3 goblins
  A rat (D:1)
12 creatures vanquished.

Notes
Turn   | Place    | Note
-------+----------+-------------------------------------------
     0 | D:1      | Amnesiac the Mummy Wizard began the quest for the Orb.
     0 | D:1      | Reached XP level 1. HP: 13/13 MP: 5/5
    41 | D:1      | Reached skill level 1 in Conjurations
   253 | D:1      | Reached XP level 2. HP: 20/20 MP: 5/7
   257 | D:1      | Learned a level 2 spell: Call Imp
   339 | D:3      | Reached skill level 1 in Fighting
   352 | D:3      | Killed from afar by an orc wizard

Vault maps used:
D:1:      eino_arrival_cavern_d
D:2:      lemuel_crystal_altar
D:3:      first_ration, chequers_ecumenical_altar_island

Skill      XL: |  1  2 |
---------------+-------+-----
Conjurations   | 1 |  1.6
Fighting       | 1 |  1.0
Dodging        | |  1.5
Stealth        | |  1.5
Spellcasting   | |  4.0
Summonings     | |  0.7
Translocations | |  0.7

Action                   || total
-------------------------++-------
Melee: Flail             ||     2
 Cast: Magic Dart        ||    25
       Call Imp          ||     1
Armor: Robe              ||     2
Dodge: Dodged            ||     8

Table legend:
 A = Spawn XP
 B = Non-spawn XP
 C = Spawn XP percentage of total XP
 D = Spawn monster count
 E = Non-spawn monster count
 F = Spawn count percentage of total count
 G = Total turns spent on level
                    A         B        C        D         E        F      G
               +---------+---------+-------+---------+---------+-------+---------
         Total |       0 |      23 |   0.0 |       0 |      12 |   0.0 |   352
               +---------+---------+-------+---------+---------+-------+---------
           D:1 |       0 |      12 |   0.0 |       0 |       8 |   0.0 |   267
           D:2 |       0 |       2 |   0.0 |       0 |       1 |   0.0 |    24
           D:3 |       0 |       9 |   0.0 |       0 |       3 |   0.0 |    61
               +---------+---------+-------+---------+---------+-------+---------
